 Dungeon Crawl Stone Soup version 0.31-a0-978-g1e143483b6 (webtiles) character file.

Game seed: 791125812152456774

15147 lunkers the Black Belt (level 12, -1/101 HPs)
             Began as a Meteoran Shapeshifter on Oct 30, 2023.
             Was a High Priest of Okawaru.
             Slain by a meliai simulacrum (7 damage)
             ... in a Gauntlet.
             The game lasted 00:12:49 (5522 turns).

lunkers the Black Belt (Meteoran Shapeshifter)      Turns: 5522, Time: 00:12:50

Health: -1/101     AC: 11    Str: 17    XL:     12   Next: 89%
Magic:  18/18      EV: 15    Int: 11    God:    Okawaru [*****.]
Gold:   592        SH:  0    Dex: 19    Spells: 11/11 levels left

rFire   + .          .
                       - Unarmed
rCold   . . .        (shield currently unavailable)
rNeg    . . .        C - +0 swamp dragon scales
rPois   +            o - +0 helmet
rElec   .            (no cloak)
rCorr   .            (no gloves)
SInv    .            e - +2 pair of boots
Will    +....        (no amulet)
Stlth   +            x - ring of protection from fire
HPRegen 0.36/turn    (no ring)
MPRegen 0.16/turn

%: no teleportation
@: flux-form, glowing
A: glow, contaminating, sense surroundings 2, otherworldly, glowing, explore
regen
a: Begin Untransformation, Renounce Religion, Heroism, Finesse, Duel


You were in a Gauntlet.
You worshipped Okawaru.
Okawaru was extremely pleased with you.
You were something dangerously unstable.
You visited 3 branches of the dungeon, and saw 14 of its levels.
You also visited: Gauntlet.

You collected 592 gold pieces.

Inventory:

Armour
 e - a +2 pair of boots (worn)
 o - a +0 helmet (worn)
 p - an orb of energy
 B - +0 steam dragon scales
 C - +0 swamp dragon scales (worn)
 E - +0 acid dragon scales
Jewellery
 n - a ring of fire
 x - a ring of protection from fire (left hand)
Talismans
 c - a beast talisman
 d - a flux talisman (active)
 w - a blade talisman
 G - a dragon-blood talisman
Wands
 m - a wand of quicksilver (6)
 r - a wand of flame (3)
 A - a wand of iceblast (5)
 D - a wand of polymorph (18)
 F - a wand of mindburst (2)
 H - a wand of charming (2)
Scrolls
 g - 4 scrolls of teleportation
 j - 2 scrolls of enchant weapon
 y - a scroll of blinking
 z - a scroll of silence
Potions
 a - a potion of berserk rage
 b - a potion of lignification
 f - a potion of might {unknown}
 h - 3 potions of attraction
 i - a potion of curing {unknown}
 k - 3 potions of heal wounds
 l - 2 potions of haste
 q - a potion of cancellation {unknown}
 s - 3 potions of resistance
 t - 3 potions of enlightenment
 u - 2 potions of invisibility
 v - a potion of brilliance {unknown}
 I - 3 potions of mutation


   Skills:
 + Level 8.1 Fighting
 + Level 8.3 Dodging
 * Level 15.6 Unarmed Combat
 - Level 7.0 Invocations
 + Level 10.6 Shapeshifting


You had 11 spell levels left.
You didn't know any spells.
Your spell library contained the following spells:

 Spells                   Type           Power      Damage    Failure   Level
 Cigotuvi's Dreadful Rot  Necr/Pois/Air  0%         N/A       69%         2
 Ignite Poison            Fire/Tmut/Pois 0%         N/A       89%         3
 Stone Arrow              Conj/Erth      0%         3d7       89%         3
 Freezing Cloud           Conj/Ice/Air   0%         6-21      100%        5
 Lehudib's Crystal Spear  Conj/Erth      0%         10d2      100%        8
 Animate Armour           Summ/Erth      Unusable   N/A       N/A         4

Dungeon Overview and Level Annotations

Branches:
Dungeon (10/15) Zot: 985   Temple (1/1) D:7 Zot: 591    Lair (3/5) D:10 Zot: 1561
Gauntlet (1/1) Zot: 523
  Swamp: Lair:2-3    Shoals: Lair:2-3     Snake: Lair:2-3    Spider: Lair:2-3
    Orc: D:9-12

Altars:
Ashenzari
Cheibriados
Dithmenos
Elyvilon
Fedhas
Hepliaklqana
Kikubaaqudgha
Makhleb
Nemelex Xobeh
Okawaru
Qazlal
Ru
Trog
Vehumet
Wu Jian
Xom
The Shining One

Shops:
D:5 *

Annotations:
D:8 2 runed translucent doors Gauntlet 5 transporters


Innate Abilities, Weirdness & Mutations

You are something dangerously unstable.
You glow with magical radiation, making you easy to see and hit.
Foes you strike become dangerously contaminated with magical radiation.
You are incapable of wielding weapons or throwing items.
You passively map the area around you.
You are easily found by Zot.
You glow in the dark.
You regain HP and MP as you explore.


Message History

You punch the hornet simulacrum!
The hornet simulacrum vaporises!
Okawaru accepts your kill.
The centaur warrior simulacrum hits you but does no damage.
The centaur warrior simulacrum kicks you but does no damage.
You hit the centaur warrior simulacrum.
The centaur warrior simulacrum begins to glow.
The centaur warrior simulacrum is moderately damaged.
The meliai simulacrum hits you but does no damage.
The meliai simulacrum hits you. The meliai simulacrum freezes you!
You hit the centaur warrior simulacrum.
The centaur warrior simulacrum glows dangerously bright.
The centaur warrior simulacrum is moderately damaged.
The meliai simulacrum hits you. The meliai simulacrum freezes you!!
* * * LOW HITPOINT WARNING * * *
The meliai simulacrum hits you but does no damage.
The centaur warrior simulacrum hits you but does no damage.
The centaur warrior simulacrum barely misses you.
The meliai simulacrum barely misses you.
The meliai simulacrum closely misses you.
You punch the centaur warrior simulacrum!
The centaur warrior simulacrum shudders as magic cascades through it!
The centaur warrior simulacrum is almost destroyed.
The centaur warrior simulacrum hits you.
* * * LOW HITPOINT WARNING * * *
The centaur warrior simulacrum freezes you!!
* * * LOW HITPOINT WARNING * * *
The centaur warrior simulacrum barely misses you.
The meliai simulacrum closely misses you. x2
You hit the centaur warrior simulacrum.
The centaur warrior simulacrum vaporises!
Okawaru accepts your kill. The meliai simulacrum hits you.
* * * LOW HITPOINT WARNING * * *
The meliai simulacrum freezes you!
* * * LOW HITPOINT WARNING * * *
The meliai simulacrum hits you!
* * * LOW HITPOINT WARNING * * *
The meliai simulacrum freezes you!
You die...

8~ ,, ,,, ,
.........©#~≈8≈≈ * ##
############ #### *#.#
,#.©.#?%#.#.., .... #.##
.#.#..##.#.## ,.##. #.#^#
.#.P#^#.#..##.##.[
#.#..#.^.#..#.#...#.#...
*#.##..#.#.P##.#....©#..©
#.#^#P.#..#.#.#...#.#..!
#.#..#.p☼#^.#.#..##.##..
#.#...#Z#...#.#Z##...##.
*
#.#....#....#.#B........
*
#.###########.##########
,.......©................
, , ,
........................
**
######.∩.###############
* * #...# #8# #8# #8# *
#≈∩≈# ### ### ###


You could see a meliai simulacrum.

Vanquished Creatures
  A two-headed ogre (D:8)
  Amaemon (D:9)
  Pikel (D:7)
  A cyclops (D:6)
  An orange demon (D:9)
  A torpor snail (Lair:2)
  Maurice (D:9)
  Joseph (D:9)
  Maggie (D:7)
  3 cane toads
  6 komodo dragons
  2 trolls (D:9)
  A wind drake (D:9)
  3 hornets
  Prince Ribbit (D:7)
  2 shadows
  A centaur simulacrum (Gauntlet)
  3 wyverns
  17 yaks
  A steam dragon (D:7)
  Menkaure (D:7)
  An acid dragon (D:9)
  3 water moccasins (D:7)
  A black bear (D:7)
  An orc warrior (D:10)
  An ice beast (D:6)
  2 ogres
  A sky beast (D:8)
  6 centaurs
  A lemure (D:7)
  A phantom (D:7)
  A kobold brigand (D:8)
  2 bullfrogs
  2 scorpions
  4 wights (D:8)
  A hornet simulacrum (Gauntlet)
  34 killer bees
  7 hounds
  2 jellies (D:7)
  4 orc priests
  A sleepcap (D:7)
  3 iguanas
  8 orc wizards
  4 gnolls (D:4)
  2 adders
  A white imp (D:6)
  2 ufetubi (D:6)
  A worm (D:3)
  2 dart slugs (D:3)
  20 orcs
  7 bats
  4 endoplasms
  3 giant cockroaches
  4 hobgoblins
  4 jackals (D:1)
  3 quokkas
  5 ball pythons
  4 goblins
  11 kobolds
  4 rats
218 creatures vanquished.

Notes
Turn   | Place    | Note
-------+----------+-------------------------------------------
     0 | D:1      | lunkers the Meteoran Shapeshifter began the quest for the
                  | Orb.
     0 | D:1      | Reached XP level 1. HP: 16/16 MP: 2/2
    20 | D:1      | Reached skill level 4 in Unarmed Combat
    20 | D:1      | Reached XP level 2. HP: 17/23 MP: 3/3
   165 | D:1      | Reached XP level 3. HP: 28/28 MP: 4/4
   288 | D:1      | Found a faded altar of an unknown god.
   574 | D:2      | Reached XP level 4. HP: 35/35 MP: 5/5
   638 | D:3      | Reached skill level 5 in Unarmed Combat
   995 | D:4      | Reached XP level 5. HP: 30/40 MP: 6/6
  1151 | D:4      | Reached skill level 6 in Unarmed Combat
  1159 | D:4      | Reached XP level 6. HP: 37/47 MP: 7/7
  1169 | D:4      | Reached skill level 5 in Shapeshifting
  1643 | D:4      | Reached skill level 7 in Unarmed Combat
  1706 | D:5      | Entered Level 5 of the Dungeon
  1720 | D:5      | Reached XP level 7. HP: 38/52 MP: 8/8
  1724 | D:5      | Found Vale's Lightly-Used Armoury.
  1844 | D:5      | Reached skill level 8 in Unarmed Combat
  2005 | D:5      | Reached XP level 8. HP: 52/59 MP: 9/9
  2257 | D:6      | Noticed a cyclops
  2262 | D:6      | Killed a cyclops
  2263 | D:6      | Reached skill level 10 in Unarmed Combat
  2304 | D:6      | Gained mutation: You passively map the area around you.
                  | [Meteoran growth]
  2304 | D:6      | Reached XP level 9. HP: 57/64 MP: 10/10
  2322 | D:6      | Found a stormy altar of Qazlal.
  2922 | D:7      | Noticed Maggie
  2938 | D:7      | Reached skill level 11 in Unarmed Combat
  2944 | D:7      | Killed Maggie
  2954 | D:7      | Noticed Menkaure
  2966 | D:7      | Killed Menkaure
  2967 | D:7      | Reached XP level 10. HP: 33/78 MP: 11/11
  3026 | D:7      | Noticed Pikel
  3026 | D:7      | Noticed Prince Ribbit
  3037 | D:7      | Killed Pikel
  3038 | D:7      | Reached skill level 12 in Unarmed Combat
  3045 | D:7      | Killed Prince Ribbit
  3103 | D:7      | Reached skill level 5 in Dodging
  3168 | D:7      | Found a staircase to the Ecumenical Temple.
  3177 | Temple   | Entered the Ecumenical Temple
  3181 | Temple   | Became a worshipper of Warmaster Okawaru
  3347 | D:7      | Found Ikeih's Jewellery Shoppe.
  3368 | D:7      | Reached skill level 1 in Invocations
  3429 | D:7      | Reached skill level 5 in Fighting
  3574 | D:8      | Found a sacrificial altar of Ru.
  3599 | D:8      | Noticed a two-headed ogre
  3607 | D:8      | Killed a two-headed ogre
  3607 | D:8      | Reached * piety under Okawaru
  3659 | D:8      | Reached skill level 13 in Unarmed Combat
  3672 | D:8      | Reached XP level 11. HP: 42/88 MP: 14/14
  3674 | D:8      | Found a burning altar of Makhleb.
  3752 | D:8      | Reached ** piety under Okawaru
  3774 | D:8      | Found a large runed translucent door.
  3775 | D:8      | Found a large runed translucent door.
  3936 | D:8      | Found a sparkling altar of Nemelex Xobeh.
  4037 | D:9      | Noticed Maurice
  4044 | D:9      | Maurice stole a dragon-blood talisman
  4050 | D:9      | Noticed a two-headed ogre
  4053 | D:9      | Killed Maurice
  4055 | D:9      | a two-headed ogre changed into a wind drake
  4201 | D:9      | Noticed Joseph
  4202 | D:9      | Noticed Amaemon
  4217 | D:9      | Killed Amaemon
  4234 | D:9      | Killed Joseph
  4235 | D:9      | Reached skill level 14 in Unarmed Combat
  4235 | D:9      | Reached skill level 5 in Invocations
  4307 | D:9      | Reached *** piety under Okawaru
  4315 | D:9      | Found a bloodstained altar of Trog.
  4527 | D:10     | Entered Level 10 of the Dungeon
  4528 | D:10     | Found a staircase to the Lair.
  4553 | D:10     | Reached **** piety under Okawaru
  4561 | D:10     | Reached XP level 12. HP: 85/97 MP: 17/17
  4925 | D:10     | Reached skill level 10 in Shapeshifting
  5172 | Lair:1   | Entered Level 1 of the Lair of Beasts
  5240 | Lair:1   | You fall into a shaft and drop 1 floor!
  5287 | Lair:2   | Reached skill level 15 in Unarmed Combat
  5294 | Lair:2   | Reached ***** piety under Okawaru
  5315 | Gauntlet | Identified the of Xasim
  5333 | Lair:3   | Received a gift from Okawaru
  5429 | Lair:3   | Found a gate leading to a gauntlet.
  5444 | Gauntlet | Entered a Gauntlet
  5444 | Gauntlet | Found a transporter.
  5452 | Gauntlet | Noticed a death scarab
  5458 | Gauntlet | Found a transporter.
  5468 | Gauntlet | Found a transporter.
  5471 | Gauntlet | Noticed a catoblepas
  5473 | Gauntlet | Found a transporter.
  5504 | Gauntlet | Found a transporter.
  5515 | Gauntlet | Found a transporter.
  5522 | Gauntlet | Slain by a meliai simulacrum

Illustrated notes

Levels and vault maps discovered:
D:1:      minmay_arrival_checkered_box, layout_rooms,
          hellmonk_ecumenical_altar_heavens_door
D:2:      layout_basic, uniq_jessica
D:3:      layout_basic, pdpol_temple_overflow_zin_treasury_gozag_greed,
          marbit_many_paths
D:4:      layout_loops_corners
D:5:      minmay_opposing_rooms, layout_loops_ring, minmay_shop_damaged,
          minmay_manual_mandibuliform
D:6:      kennysheep_big_flooded_room, layout_layer_cave,
          nicolae_qazlal_scattered_showers
D:7:      layout_loops_ring, minmay_temple_entry_antechambers, serial_shops,
          nicolae_shop_stone, uniq_pikel, uniq_prince_ribbit1, uniq_menkaure,
          uniq_maggie
D:8:      layout_basic, mainiacjoe_overflow_small_starburst,
          nemelex_diamond_rough_becter, jmf_multi_god_temple2,
          mainiacjoe_overflow_concentric_impassable
D:9:      layout_cross, trog_three_pillars_becter, grunt_ministairs_11,
          uniq_joseph, uniq_maurice, uniq_amaemon
D:10:     layout_loops_cross, lair_entry_dummy, nicolae_zig_zag_zippers
Temple:   hellmonk_temple_two_chambers
Lair:1:   layout_chaotic_city, lemuel_fruit_tree
Lair:2:   layout_regular_city, elwin_shoals_entry_stream,
          cheibrodos_lair_reptile_den
Lair:3:   dreamdust_cave_troll, layout_regular_city,
          hellmonk_spider_entry_life_and_decay, gammafunk_ghost_hive,
          serial_rivers, chequers_serial_rivers_large_a,
          chequers_serial_rivers_room_b, chequers_serial_rivers_micro_b,
          chequers_serial_rivers_micro_e, gauntlet_entry_generic,
          chequers_serial_rivers_small_3, chequers_serial_rivers_small_a,
          chequers_serial_rivers_room_b
Gauntlet: gammafunk_gauntlet_one_two_three
          [gammafunk_gauntlet_arena_arrow_garden,
          gammafunk_gauntlet_arena_split_x, gammafunk_gauntlet_arena_mazey,
          gammafunk_gauntlet_arena_grid, nicolae_gauntlet_swirl,
          gammafunk_gauntlet_arena_corners,
          minmay_gauntlet_arena_make_your_own_arena,
          gammafunk_gauntlet_arena_hedges, gammafunk_gauntlet_arena_spirals,
          gauntlet_exit_watery]

Skill      XL: |  1  2  3  4  5  6  7  8  9 10 11 12 |
---------------+-------------------------------------+-----
Unarmed Combat | 4 5 6 7 8 10 11 13 14 15 | 15.6
Shapeshifting  | 4 5 6 7 8 9 10 | 10.6
Fighting       | 3 5 6 8 |  8.1
Dodging        | 4 5 7 8 |  8.3
Invocations    | 3 5 7 |  7.0

Action                     |  1- 3 |  4- 6 |  7- 9 | 10-12 || total
---------------------------+-------+-------+-------+-------++-------
  Melee: Unarmed           |    55 |   122 |   143 |   521 ||   841
         Punch             |     1 |     8 |     8 |     2 ||    19
 Invoke: Heroism           |       |       |       |     3 ||     3
  Evoke: Wand              |       |       |     4 |     2 ||     6
    Use: Scroll            |       |     7 |     4 |    10 ||    21
         Potion            |       |       |     1 |       ||     1
 Armour: Animal skin       |     9 |       |       |       ||     9
         Scale mail        |    22 |    57 |    86 |       ||   165
         Skin              |       |       |    25 |       ||    25
         Steam dragon scal |       |       |       |    78 ||    78
         Swamp dragon scal |       |       |       |   215 ||   215
  Dodge: Dodged            |    28 |    58 |    60 |   396 ||   542
   Form: Flux              |       |       |       |     1 ||     1

Table legend: (Time is in decaauts)
 A = Elapsed time spent in this place.
 B = Non-inter-level travel time spent in this place.
 C = Inter-level travel time spent in this place.
 D = Time resting spent in this place.
 E = Time spent auto-exploring this place.
 F = Levels seen in this place.
 G = Mean time per level.
                   A        B        C        D        E       F      G
               +--------+--------+--------+--------+--------+-----+--------+
         Total |   5338 |   5190 |    148 |      0 |   3540 |  15 |  355.9 |
       Dungeon |   5014 |   4874 |    140 |      0 |   3503 |  10 |  501.4 |
        Temple |      8 |      1 |      7 |      0 |      0 |   1 |    8.0 |
          Lair |    239 |    239 |      0 |      0 |     15 |   3 |   79.7 |
      Gauntlet |     75 |     75 |      0 |      0 |     22 |   1 |   75.0 |
               +--------+--------+--------+--------+--------+-----+--------+

Top non-repeatable levels by time:
     D:4: 706 daAuts
     D:6: 684 daAuts
    D:10: 617 daAuts
     D:9: 538 daAuts
     D:7: 530 daAuts
     D:5: 500 daAuts
     D:8: 457 daAuts
     D:3: 357 daAuts
     D:2: 318 daAuts
     D:1: 303 daAuts
  Lair:3: 111 daAuts
Gauntlet: 75 daAuts
  Lair:2: 64 daAuts
  Lair:1: 62 daAuts
  Temple: 8 daAuts
